General information
- name: BNet
- type: Ladder 1vs1/FFA
- host: Battle.net
- saver: iLovePom
map: TwistedMeadows
- players: 2
- length: 90:14
- speed: Fast
- version: 1.26 W3XP
- replay type: Public
» download(237 KB)
Players
team 1 (winner)
iLovePom (
yellow | 62 APM | 5579 actions | 90:14)
7 Archmage
3 Blizzard
3 Brilliance Aura
1 Mass Teleport
7 Blood Mage
3 Flame Strike
3 Siphon Mana
1 Summon Phoenix
6 Dark Ranger
3 Life Drain
2 Silence
1 Charm
» actions
| Assign group hotkey | 85 | |
| Basic commands | 166 | |
| Build / train | 251 | |
| ESC pressed | 12 | |
| Enter build submenu | 126 | |
| Enter hero's abilities submenu | 21 | |
| Give item / drop item | 18 | |
| Right click | 2170 | |
| Select / deselect | 1117 | |
| Select group hotkey | 880 | |
| Use ability | 730 | |
5579 total
» units
| Peasant | 31 | |
| Goblin Shredder | 3 | |
| Goblin Zeppelin | 4 | |
| Dragonhawk Rider | 6 | |
| Sorceress | 1 | |
| Priest | 1 | |
| Flying Machine | 10 | |
| Wisp | 11 | |
| Goblin Sapper | 2 | |
69 total
» upgrades
| Masonry | 3 | |
| Storm Hammers | 1 | |
| Cloud | 1 | |
| Animal War Training | 1 | |
| Swords | 3 | |
| Armor | 3 | |
| Magic Sentry | 1 | |
| Sorceress Training | 3 | |
| Lumber Harvesting | 2 | |
| Priest Training | 2 | |
| Gunpowder | 3 | |
| Plating | 3 | |
| Flak Cannons | 1 | |
| Flying Machine Bombs | 1 | |
| Strength of the Wild | 2 | |
| Reinforced Hides | 2 | |
| Moon Armor | 1 | |
| Sentinel | 1 | |
| Nature's Blessing | 1 | |
35 total
» buildings
| Altar of Kings | 1 | |
| Farm | 21 | |
| Arcane Vault | 2 | |
| Scout Tower | 151 | |
| Lumber Mill | 4 | |
| Arcane Tower | 14 | |
| Town Hall | 4 | |
| Guard Tower | 60 | |
| Keep | 2 | |
| Castle | 2 | |
| Blacksmith | 2 | |
| Gryphon Aviary | 7 | |
| Barracks | 1 | |
| Arcane Sanctum | 2 | |
| Workshop | 1 | |
| Tree of Life | 2 | |
| Moon Well | 6 | |
| Hunter's Hall | 1 | |
| Ancient of Wonders | 1 | |
| Ancient of War | 1 | |
| Tree of Ages | 1 | |
| Altar of Elders | 1 | |
| Ancient of Wind | 1 | |
| Tree of Eternity | 1 | |
289 total
» build order
00:04 Altar of Kings
00:08 Farm
00:20 Arcane Vault
00:50 Farm
01:06 Scout Tower
01:36 Lumber Mill
02:07 Arcane Tower
02:07 Arcane Tower
02:07 Arcane Tower
03:44 Town Hall
03:49 Scout Tower
03:50 Scout Tower
03:50 Scout Tower
03:54 Scout Tower
03:54 Scout Tower
03:55 Scout Tower
04:00 Scout Tower
04:04 Scout Tower
04:22 Guard Tower
04:26 Guard Tower
04:32 Farm
04:38 Guard Tower
04:45 Guard Tower
04:45 Guard Tower
04:45 Guard Tower
04:59 Arcane Tower
05:08 Scout Tower
05:09 Scout Tower
05:26 Guard Tower
05:33 Farm
05:49 Guard Tower
05:51 Guard Tower
05:51 Guard Tower
05:59 Guard Tower
06:09 Scout Tower
06:23 Guard Tower
06:49 Guard Tower
06:55 Scout Tower
06:56 Scout Tower
06:56 Scout Tower
07:01 Keep
07:41 Guard Tower
07:52 Farm
07:55 Guard Tower
08:12 Guard Tower
09:33 Castle
09:37 Blacksmith
09:40 Gryphon Aviary
09:41 Gryphon Aviary
09:41 Gryphon Aviary
10:03 Scout Tower
10:04 Scout Tower
10:20 Scout Tower
10:20 Scout Tower
10:59 Guard Tower
11:08 Barracks
11:58 Guard Tower
11:59 Guard Tower
12:33 Arcane Sanctum
17:31 Arcane Sanctum
18:21 Guard Tower
22:18 Town Hall
22:30 Scout Tower
22:31 Scout Tower
22:32 Scout Tower
22:33 Scout Tower
22:34 Scout Tower
22:35 Scout Tower
22:36 Scout Tower
22:36 Scout Tower
22:39 Farm
23:03 Guard Tower
23:11 Arcane Tower
23:36 Blacksmith
27:32 Town Hall
27:35 Scout Tower
27:35 Scout Tower
27:39 Scout Tower
27:39 Scout Tower
27:40 Scout Tower
27:41 Scout Tower
27:42 Scout Tower
27:42 Scout Tower
27:44 Scout Tower
27:47 Scout Tower
27:48 Scout Tower
27:49 Scout Tower
28:31 Guard Tower
28:55 Guard Tower
29:31 Arcane Tower
29:32 Guard Tower
32:20 Farm
32:20 Farm
35:00 Scout Tower
35:02 Lumber Mill
35:08 Scout Tower
35:11 Scout Tower
35:13 Scout Tower
35:14 Scout Tower
35:18 Scout Tower
35:19 Scout Tower
37:59 Guard Tower
38:08 Scout Tower
38:10 Scout Tower
38:12 Scout Tower
38:13 Scout Tower
38:53 Guard Tower
38:59 Scout Tower
39:00 Scout Tower
39:01 Scout Tower
39:03 Scout Tower
39:09 Scout Tower
39:10 Scout Tower
39:13 Scout Tower
39:14 Scout Tower
39:22 Scout Tower
39:24 Scout Tower
39:28 Scout Tower
39:29 Scout Tower
39:30 Scout Tower
39:31 Scout Tower
40:01 Arcane Tower
40:11 Scout Tower
40:17 Scout Tower
40:18 Scout Tower
40:19 Scout Tower
40:21 Guard Tower
40:39 Arcane Tower
40:41 Guard Tower
41:11 Scout Tower
41:14 Scout Tower
41:17 Scout Tower
41:19 Scout Tower
41:20 Scout Tower
41:23 Guard Tower
41:33 Guard Tower
42:52 Guard Tower
43:00 Town Hall
43:04 Scout Tower
43:15 Scout Tower
43:17 Scout Tower
43:19 Scout Tower
43:22 Scout Tower
43:24 Scout Tower
43:25 Scout Tower
43:26 Scout Tower
43:42 Workshop
43:45 Guard Tower
43:48 Scout Tower
43:49 Scout Tower
43:50 Scout Tower
43:51 Scout Tower
43:53 Scout Tower
43:54 Scout Tower
44:56 Guard Tower
44:56 Guard Tower
45:00 Guard Tower
45:04 Guard Tower
46:29 Guard Tower
46:30 Keep
46:37 Gryphon Aviary
46:43 Gryphon Aviary
47:57 Guard Tower
48:12 Gryphon Aviary
48:17 Gryphon Aviary
48:23 Arcane Vault
48:53 Castle
50:12 Lumber Mill
50:58 Scout Tower
50:59 Scout Tower
51:00 Scout Tower
51:01 Scout Tower
51:01 Scout Tower
51:07 Scout Tower
51:08 Scout Tower
51:09 Scout Tower
51:12 Scout Tower
51:16 Scout Tower
51:17 Scout Tower
53:34 Arcane Tower
53:35 Guard Tower
53:42 Guard Tower
54:22 Guard Tower
54:32 Guard Tower
56:05 Arcane Tower
56:06 Guard Tower
56:10 Scout Tower
56:12 Scout Tower
58:11 Guard Tower
68:19 Scout Tower
68:21 Scout Tower
68:21 Scout Tower
68:23 Scout Tower
68:30 Scout Tower
69:10 Guard Tower
69:19 Farm
69:29 Farm
69:32 Farm
69:34 Farm
69:36 Farm
69:36 Farm
69:41 Farm
69:44 Farm
70:05 Guard Tower
70:52 Farm
70:53 Farm
70:54 Farm
70:55 Farm
70:56 Farm
73:05 Tree of Life
73:17 Scout Tower
73:22 Scout Tower
73:57 Guard Tower
74:15 Arcane Tower
75:29 Scout Tower
75:30 Scout Tower
75:33 Scout Tower
75:36 Scout Tower
76:09 Scout Tower
76:14 Scout Tower
76:15 Scout Tower
76:16 Scout Tower
76:22 Lumber Mill
76:51 Guard Tower
76:51 Guard Tower
77:11 Tree of Life
77:16 Moon Well
77:17 Moon Well
77:19 Moon Well
77:28 Scout Tower
77:29 Scout Tower
77:30 Scout Tower
77:31 Scout Tower
77:33 Scout Tower
77:34 Scout Tower
77:44 Scout Tower
77:45 Scout Tower
77:46 Scout Tower
77:48 Scout Tower
78:16 Hunter's Hall
79:43 Guard Tower
80:20 Ancient of Wonders
80:59 Ancient of War
81:08 Scout Tower
81:10 Scout Tower
81:11 Scout Tower
82:07 Tree of Ages
82:27 Guard Tower
82:38 Scout Tower
82:41 Scout Tower
82:42 Scout Tower
82:42 Scout Tower
82:44 Arcane Tower
83:36 Guard Tower
83:40 Scout Tower
83:43 Scout Tower
84:25 Arcane Tower
84:27 Guard Tower
84:30 Scout Tower
84:32 Scout Tower
84:32 Scout Tower
84:33 Scout Tower
84:35 Scout Tower
84:36 Scout Tower
84:36 Scout Tower
84:45 Scout Tower
84:48 Scout Tower
84:49 Scout Tower
84:50 Scout Tower
84:51 Scout Tower
84:52 Scout Tower
84:53 Scout Tower
84:54 Scout Tower
85:01 Altar of Elders
85:07 Guard Tower
86:14 Guard Tower
86:21 Ancient of Wind
87:01 Tree of Eternity
87:18 Arcane Tower
87:19 Guard Tower
87:55 Guard Tower
88:05 Moon Well
88:11 Moon Well
88:12 Moon Well
88:59 Guard Tower
89:00 Scout Tower
89:01 Scout Tower
» items
| Scroll of Regeneration | 8 | |
| Lesser Clarity Potion | 5 | |
| Potion of Healing | 6 | |
| Scroll of Town Portal | 6 | |
| Potion of Mana | 2 | |
| Ivory Tower | 3 | |
| Staff of Sanctuary | 3 | |
| Periapt of Vitality | 3 | |
| Boots of Speed | 2 | |
| Potion of Lesser Invulnerability | 2 | |
| Scroll of Healing | 1 | |
| Mechanical Critter | 3 | |
44 total
team 2 (loser)
haira (
teal | 25 APM | 2273 actions | 90:13)
5 Beastmaster
2 Summon Bear
3 Summon Quilbeast
4 Demon Hunter
2 Mana Burn
2 Evasion
2 Priestess of the Moon
1 Scout
1 Trueshot Aura
» actions
| Build / train | 169 | |
| Enter build submenu | 60 | |
| Enter hero's abilities submenu | 11 | |
| Give item / drop item | 3 | |
| Remove unit from queue | 2 | |
| Right click | 874 | |
| Select / deselect | 964 | |
| Use ability | 188 | |
2273 total
» units
| Wisp | 54 | |
| Archer | 16 | |
| Goblin Shredder | 2 | |
| Dryad | 15 | |
| Mountain Giant | 1 | |
| Druid of the Claw | 2 | |
| Forest Troll Shadow Priest | 2 | |
| Hippogryph | 17 | |
| Glaive Thrower | 9 | |
| Faerie Dragon | 5 | |
| Goblin Zeppelin | 2 | |
125 total
» upgrades
| Strength of the Moon | 3 | |
| Reinforced Hides | 3 | |
| Improved Bows | 1 | |
| Well Spring | 1 | |
| Hardened Skin | 1 | |
| Druid of the Claw Training | 2 | |
| Nature's Blessing | 1 | |
| Strength of the Wild | 3 | |
| Abolish Magic | 1 | |
| Resistant Skin | 1 | |
| Moon Armor | 3 | |
| Ultravision | 1 | |
| Vorpal Blades | 1 | |
| Marksmanship | 1 | |
| Mark of the Claw | 1 | |
| Sentinel | 1 | |
25 total
» buildings
| Moon Well | 16 | |
| Ancient of War | 4 | |
| Altar of Elders | 3 | |
| Hunter's Hall | 2 | |
| Tree of Ages | 1 | |
| Ancient Protector | 17 | |
| Ancient of Wonders | 2 | |
| Tree of Life | 5 | |
| Tree of Eternity | 1 | |
| Ancient of Lore | 1 | |
| Ancient of Wind | 3 | |
55 total
» build order
00:22 Moon Well
00:37 Ancient of War
00:51 Moon Well
01:47 Altar of Elders
02:31 Hunter's Hall
03:28 Tree of Ages
04:02 Ancient Protector
04:26 Moon Well
04:31 Moon Well
05:30 Moon Well
05:45 Ancient of Wonders
06:05 Tree of Life
06:11 Tree of Eternity
07:13 Ancient of Lore
10:16 Ancient of Wind
11:46 Moon Well
13:05 Moon Well
14:05 Moon Well
15:52 Ancient Protector
19:21 Moon Well
22:49 Tree of Life
27:31 Ancient Protector
28:22 Ancient Protector
28:28 Ancient Protector
30:19 Ancient Protector
31:31 Ancient Protector
32:50 Ancient of War
34:42 Tree of Life
35:03 Moon Well
35:59 Moon Well
38:32 Ancient Protector
40:20 Ancient Protector
40:31 Ancient of War
40:36 Ancient of War
42:54 Moon Well
42:59 Moon Well
43:05 Moon Well
43:58 Moon Well
44:01 Ancient Protector
44:07 Ancient Protector
45:29 Ancient Protector
49:24 Ancient of Wind
49:29 Ancient of Wonders
50:22 Ancient of Wind
53:06 Tree of Life
58:25 Hunter's Hall
58:33 Altar of Elders
59:41 Moon Well
60:18 Altar of Elders
61:04 Tree of Life
61:08 Ancient Protector
61:13 Ancient Protector
61:17 Ancient Protector
61:21 Ancient Protector
61:39 Ancient Protector
» items
Chat log
(73:54 / All) iLovePom: are you really so angry that you went afk?
(73:55 / All) iLovePom: lol
(87:31 / All) iLovePom: yay ur back :DD
(87:58 / All) iLovePom: i missed u
(88:20 / All) iLovePom: i missed u so much i made my own elf enemy
(88:38 / All) iLovePom: lets play
(89:20 / All) iLovePom: wheee